 Dungeon Crawl Stone Soup version 0.30.1-4-g462c640d31 (webtiles) character file.

Game seed: 6357362964969694240

98948 croobank the Covert (level 15, -5/115 HPs)
             Began as a Demonspawn Ice Elementalist on Sept 13, 2023.
             Was an Initiate of Gozag.
             Killed from afar by Roxanne (48 damage)
             ... with an iron shot
             ... on level 15 of the Dungeon on Sept 14, 2023.
             The game lasted 02:36:58 (37768 turns).

croobank the Covert (Demonspawn Ice Elementalist)  Turns: 37768, Time: 02:36:58

Health: -5/115     AC: 10    Str: 11    XL:     15   Next: 76%
Magic:  24/28      EV: 15    Int: 30    God:    Gozag
Gold:   3890       SH:  9    Dex: 11    Spells: 0/33 levels left

rFire   + . .        b - +2 demon blade (elec)
rCold   . . .        R - +0 buckler
rNeg    . . .        e - +1 robe {Archmagi}
rPois   .            S - +3 crown of Dyrovepreva {rElec Int+2 SInv}
rElec   +            w - +0 cloak
rCorr   +            A - +1 pair of gloves {hurl}
SInv    +            i - +0 pair of boots
Will    +++..        B - amulet of reflection
Stlth   +++++        J - +6 ring of intelligence
HPRegen 0.39/turn    V - ring of Joyrah {rF+ Will++ rCorr Str+3 Dex-5}
MPRegen 0.21/turn

%: reflection, archmagi
@: mighty
A: horns 2, powered by death 1, spiny 2, sturdy frame 1
a: Renounce Religion, Potion Petition, Call Merchant, Bribe Branch


You were on level 15 of the Dungeon.
You worshipped Gozag.
Gozag was most pleased with you.
You visited 4 branches of the dungeon, and saw 23 of its levels.
You also visited: Ice Cave.

You collected 7990 gold pieces.
You spent 2742 gold pieces at shops.
You paid 1358 gold pieces to Gozag.

Inventory:

Hand Weapons
 b - a +2 demon blade of electrocution (weapon)
 H - a +5 vampiric dagger
 L - a +3 scimitar of flaming
 Z - the +7 rapier of the Tooth {freeze, rN+ Dex+3}
   (You found it on level 1 of the Lair of Beasts)

   Dex:       It affects your dexterity (+3).
   rN:        It protects you from negative energy.
Missiles
 g - 2 datura-tipped darts
 k - 13 boomerangs (quivered)
 D - 5 atropa-tipped darts
Armour
 e - a +1 robe of the Archmagi (worn)
 i - a +0 pair of boots (worn)
 w - a +0 cloak (worn)
 A - a +1 pair of gloves of hurling (worn)
 R - a +0 buckler (worn)
 S - the +3 crown of Dyrovepreva (worn) {rElec Int+2 SInv}
   (You bought it in a shop on level 3 of the Dungeon)

   Int:       It affects your intelligence (+2).
   rElec:     It insulates you from electricity.
   SInv:      It lets you see invisible.
Jewellery
 f - an amulet of magic regeneration
 n - a ring of poison resistance
 y - a ring of positive energy
 B - an amulet of reflection (around neck)
 C - an amulet of the acrobat
 E - a +6 ring of intelligence
 I - a ring of positive energy
 J - a +6 ring of intelligence (left hand)
 K - a ring of flight
 Q - a ring of wizardry
 V - the ring of Joyrah (right hand) {rF+ Will++ rCorr Str+3 Dex-5}
   (You found it on level 5 of the Lair of Beasts)

   [ring of resist corrosion]

   Str:       It affects your strength (+3).
   Dex:       It affects your dexterity (-5).
   rF:        It protects you from fire.
   rCorr:     It protects you from acid and corrosion.
   Will:      It greatly increases your willpower.
 Y - a ring of willpower
Wands
 p - a wand of paralysis (4)
 t - a wand of light (2)
 v - a wand of flame (7)
Scrolls
 a - a scroll of poison
 o - 3 scrolls of immolation
 s - 4 scrolls of vulnerability
 z - a scroll of silence
 F - 10 scrolls of teleportation
 G - 2 scrolls of fear
 T - 2 scrolls of fog
 U - 4 scrolls of magic mapping
Potions
 c - 4 potions of attraction
 d - 5 potions of flight
 j - 2 potions of magic
 l - 5 potions of lignification
 m - 6 potions of mutation
 q - 3 potions of cancellation
 r - 3 potions of might
 u - a potion of invisibility
 x - 7 potions of curing
 M - a potion of berserk rage
 N - 2 potions of haste
 P - 2 potions of resistance
 W - 3 potions of brilliance
 X - 2 potions of ambrosia


   Skills:
 + Level 10.2 Fighting
 - Level 5.0 Short Blades
 + Level 0.5(3.1) Long Blades
 + Level 10.9 Dodging
 + Level 11.6 Stealth
 - Level 4.0 Shields
 + Level 9.9 Spellcasting
 + Level 0.7 Hexes
 + Level 8.0 Summonings
 + Level 5.7 Translocations
 - Level 4.9 Transmutations
 + Level 6.6 Fire Magic
 - Level 8.7 Ice Magic
 - Level 2.5 Air Magic
 + Level 7.3 Poison Magic


You couldn't memorise any spells.
You knew the following spells:

 Your Spells              Type           Power      Damage    Failure   Level
a - Freeze                Ice            100%       1d10      1%          1
b - Frozen Ramparts       Ice            100%       1d16      1%          3
c - Ozocubu's Armour      Ice            79%        N/A       1%          3
d - Scorch                Fire           100%       2d9       1%          2
e - Summon Ice Beast      Ice/Summ       78%        N/A       1%          4
f - Summon Lightning Spi  Summ/Air       63%        N/A       5%          4
g - Mephitic Cloud        Conj/Pois/Air  51%        N/A       3%          3
h - Ignite Poison         Fire/Tmut/Pois 68%        N/A       1%          3
i - Summon Forest         Summ/Tloc      35%        N/A       9%          5
j - Summon Mana Viper     Hex/Summ       58%        N/A       22%         5

Your spell library contained the following spells:

 Spells                   Type           Power      Damage    Failure   Level
 Foxfire                  Conj/Fire      100%       2x1d9     1%          1
 Call Imp                 Summ           100%       N/A       1%          2
 Cigotuvi's Dreadful Rot  Necr/Pois/Air  100%       N/A       1%          2
 Poisonous Vapours        Pois/Air       100%       N/A       1%          2
 Portal Projectile        Hex/Tloc       100%       N/A       3%          3
 Kiss of Death            Conj/Necr      88%        2d12      4%          1
 Magic Dart               Conj           88%        1d7       4%          1
 Manifold Assault         Tloc           65%        N/A       4%          4
 Sublimation of Blood     Necr           22%        N/A       8%          2
 Animate Armour           Summ/Erth      100%       N/A       10%         4
 Confusing Touch          Hex            29%        N/A       11%         3
 Tukima's Dance           Hex            29%        N/A       11%         3
 Alistair's Intoxication  Tmut/Pois      44%        N/A       11%         5
 Flame Wave               Conj/Fire      51%        2d13      13%         4
 Petrify                  Tmut/Erth      44%        N/A       19%         4
 Blade Hands              Tmut           30%        N/A       19%         5
 Summon Cactus Giant      Summ           38%        N/A       28%         6
 Freezing Cloud           Conj/Ice/Air   27%        6-21      30%         5
 Fireball                 Conj/Fire      25%        3d11      34%         5
 Dispel Undead            Necr           22%        3d12      45%         4
 Irradiate                Conj/Tmut      22%        3d19      45%         5
 Eringya's Noxious Bog    Tmut/Pois      33%        N/A       52%         6
 Dispersal                Tloc           32%        N/A       56%         6
 Plasma Beam              Fire/Air       29%        2x1d46    75%         6
 Borgnjor's Vile Clutch   Necr/Erth      11%        N/A       80%         5
 Starburst                Conj/Fire      25%        6d8       89%         6
 Iron Shot                Conj/Erth      11%        9d3       100%        6
 Storm Form               Tmut/Air       27%        N/A       100%        7
 Disjunction              Tloc           32%        N/A       100%        8
 Maxwell's Capacitive Co  Air            22%        ∞         100%        8


Dungeon Overview and Level Annotations

Branches:
Dungeon (15/15)            Temple (1/1) D:5            Lair (5/5) D:10
 Shoals (0/4) Lair:3       Spider (0/4) Lair:3        Slime (0/5) Lair:5
    Orc (2/2) D:10            Elf (0/3) Orc:2        Vaults (0/5) D:13
 Depths (0/4) D:15          IceCv (visited)

Altars:
Ashenzari
Cheibriados
Dithmenos
Fedhas
Gozag
Hepliaklqana
Kikubaaqudgha
Makhleb
Nemelex Xobeh
Okawaru
Qazlal
Ru
Sif Muna
Trog
Uskayaw
Vehumet
Wu Jian
Xom
Yredelemnul
Jiyva

Shops:
D:2 ?   D:3 [   D:6 ?   D:12 :   Orc:2 (:(*!*[((

Portals:
Pandemonium: Orc:2

Annotations:
D:7 2 transporters
D:15 Roxanne


Innate Abilities, Weirdness & Mutations

You have a pair of horns on your head.
You regenerate a little health from kills.
You are mostly covered in sharp spines.
Your movements are slightly less encumbered by armour. (ER -2)


Message History

The bolt of electricity hits Roxanne.
Roxanne resists.
You slash Roxanne!
Roxanne is severely damaged.
Casting: Summon Lightning Spire (dangerous; 5% risk of failure)
Confirm with . or Enter, or press ? or * to list all spells.
You don't know that spell.
Unknown command.
Aiming: Bolt of Light
Press: ? - help, Shift-Dir - straight line, f/p - Roxanne
Aim: Roxanne (severely damaged, ally target, 100% to hit)
The bolt of light hits Roxanne but does no damage.
Roxanne is severely damaged.
Roxanne is blinded.
Your lightning spire shoots out a bolt of lightning at Roxanne!
The bolt of electricity hits Roxanne.
Roxanne resists.
You hit Roxanne. You headbutt Roxanne.
Roxanne is severely damaged.
Roxanne casts a spell.
The bolt of magma hits you! You partially resist.
Your lightning spire shoots out a bolt of lightning at Roxanne!
The bolt of electricity hits Roxanne.
Roxanne resists.
You hit Roxanne but do no damage. You headbutt Roxanne.
Roxanne is severely damaged.
Roxanne mumbles some strange words.
You blink.
Your lightning spire shoots out a bolt of lightning at Roxanne!
The bolt of electricity hits Roxanne.
Roxanne resists.
You catch the helpless Roxanne completely off-guard!
You hit Roxanne. You headbutt Roxanne, but do no damage.
Roxanne is severely damaged.
Your lightning spire shoots out a bolt of lightning at Roxanne!
The bolt of electricity hits Roxanne.
Roxanne resists.
You slash Roxanne! You headbutt Roxanne, but do no damage.
Roxanne is almost destroyed.
Your lightning spire shoots out a bolt of lightning at Roxanne!
The bolt of electricity hits Roxanne.
Roxanne resists.
Roxanne casts a spell.
The iron shot hits you!!!
You die...
Your body crumbles into a pile of gold.

#.. ... #..
####### $
#.##.....#
#....#.8.#
.... .
#)..@.8#
.... .$###
#.#....#
....##.#..
#....#.##
.§..#.#..
#...##....#
≈§≈.....
##.# ##...#
≈#≈≈...# #+
##..#
≈§§....##
##..#
≈≈≈.....##
##..##
.§§≈..#..##
##..##


You could see Roxanne (blind, ally target) and a friendly lightning spire
(summoned).

Vanquished Creatures
  Jorgrun (D:15)
  Kirke (Lair:5)
  A stone giant (D:15)
  2 ogre magi
  5 hydras
  3 demonspawn (Orc:2)
  Erolcha (D:13)
  A catoblepas (D:13)
  5 centaur warriors
  A deep troll shaman (Lair:5)
  4 boulder beetles
  9 two-headed ogres
  10 death yaks
  5 orc high priests (Orc:2)
  2 tengu warriors (D:14)
  A soul eater (Orc:2)
  A skyshark (Lair:5)
  A skeletal warrior (D:13)
  A lindwurm (Lair:3)
  7 orc knights
  10 orc sorcerers
  A deep elf pyromancer (D:15)
  4 cyclopes
  4 ugly things
  A manticore (D:13)
  4 black mambas
  Joseph (D:8)
  2 elephants (Lair:5)
  A merfolk siren (Lair:3)
  5 cane toads
  A kobold demonologist (D:8)
  A torpor snail (Lair:3)
  An unseen horror (D:12)
  3 gargoyles (D:11)
  2 efreet
  13 komodo dragons
  5 trolls
  3 meliai (D:15)
  A polar bear (Lair:5)
  Grinder (D:3)
  3 dream sheep (Lair:3)
  18 blink frogs
  3 hornets
  4 slime creatures
  A vampire (D:12)
  A yak (shapeshifter) (D:13)
  A shadow (D:6)
  A wraith (D:9)
  4 wyverns
  44 yaks
  4 basilisks
  5 hogs
  A redback (Lair:3)
  A death yak simulacrum (IceCv)
  A steam dragon (D:7)
  A steam dragon (shapeshifter) (D:13)
  2 acid dragons
  6 wargs
  14 water moccasins
  40 orc warriors
  A black bear (D:4)
  An ice beast (D:8)
  9 ogres
  8 wolves
  14 centaurs
  2 phantoms
  10 kobold brigands
  8 bullfrogs
  3 gnoll sergeants
  3 scorpions
  4 wights (D:7)
  An elephant simulacrum (IceCv)
  4 killer bees (D:8)
  A howler monkey (D:12)
  3 electric eels
  A hound (D:5)
  18 jellies
  A gnoll bouda (D:5)
  16 orc priests
  A sleepcap (D:8)
  14 iguanas
  22 orc wizards
  Terence (D:3)
  15 gnolls
  9 adders
  3 white imps
  An ufetubus (D:4)
  2 worms
  2 dart slugs
  71 orcs
  8 ball pythons
  7 bats
  9 endoplasms
  4 giant cockroaches
  6 goblins
  4 hobgoblins
  5 jackals
  4 quokkas
  18 frilled lizards
  28 kobolds
  5 rats
628 creatures vanquished.

Vanquished Creatures (collateral kills)
  A catoblepas (Lair:5)
  An ogre mage (D:15)
  A centaur warrior (D:14)
  2 boulder beetles
  3 two-headed ogres (D:15)
  A tengu warrior (D:13)
  A death yak (Lair:5)
  2 skeletal warriors (D:13)
  2 lindwurms
  A deep elf pyromancer (D:15)
  4 ugly things (D:15)
  An orc sorcerer (Orc:2)
  An orange demon (Orc:2)
  A cane toad (Lair:2)
  A komodo dragon (Lair:1)
  A tengu conjurer (D:13)
  An ice devil (Orc:2)
  A blink frog (Lair:5)
  4 slime creatures
  A shadow (D:13)
  7 yaks (D:13)
  A water elemental (D:15)
  2 basilisks
  An acid dragon (D:14)
  4 orc warriors (Orc:2)
  A sky beast (D:8)
  2 ogres (D:15)
  6 centaurs
  3 wolves (Lair:1)
  2 kobold brigands (D:8)
  A bullfrog (Lair:3)
  3 orc priests
  4 orcs
68 creatures vanquished.

Vanquished Creatures (others)
  A human (Lair:5)
  An orc (Orc:2)
  2 kobolds (D:8)
4 creatures vanquished.

Grand Total: 700 creatures vanquished

Notes
Turn   | Place    | Note
-------+----------+-------------------------------------------
     0 | D:1      | croobank the Demonspawn Ice Elementalist began the quest
                  | for the Orb.
     0 | D:1      | Reached XP level 1. HP: 13/13 MP: 3/3
   260 | D:1      | Reached skill level 2 in Stealth
   264 | D:1      | Gained mutation: You are partially covered in sharp spines.
                  | [demonic ancestry]
   264 | D:1      | Reached XP level 2. HP: 16/19 MP: 0/5
  1140 | D:2      | Reached XP level 3. HP: 24/24 MP: 4/6
  1266 | D:2      | Learned a level 3 spell: Frozen Ramparts
  1362 | D:2      | Gained mutation: You have a pair of small horns on your
                  | head. [demonic ancestry]
  1362 | D:2      | Reached XP level 4. HP: 30/30 MP: 0/7
  2095 | D:2      | Found Posemos's Magic Scroll Boutique.
  2101 | D:2      | Bought a scroll of identify for 24 gold pieces
  2103 | D:2      | Bought a scroll of identify for 24 gold pieces
  2103 | D:2      | Bought a scroll of identify for 24 gold pieces
  2103 | D:2      | Bought a scroll of identify for 24 gold pieces
  2575 | D:3      | Gained mutation: You regenerate a little health from kills.
                  | [demonic ancestry]
  2575 | D:3      | Reached XP level 5. HP: 35/35 MP: 5/9
  2624 | D:3      | Reached skill level 3 in Stealth
  2791 | D:3      | Found Semneick's Antique Armour Emporium.
  2926 | D:3      | Noticed Terence
  2937 | D:3      | Killed Terence
  3231 | D:3      | Noticed Grinder
  3237 | D:3      | Paralysed by Grinder for 5 turns
  3248 | D:3      | Killed Grinder
  3249 | D:3      | Reached XP level 6. HP: 27/41 MP: 7/11
  3675 | D:4      | Reached skill level 4 in Stealth
  3675 | D:4      | Reached skill level 5 in Ice Magic
  3675 | D:4      | Reached XP level 7. HP: 38/46 MP: 8/12
  4285 | D:4      | Found a blossoming altar of Fedhas.
  4408 | D:5      | Entered Level 5 of the Dungeon
  4813 | D:5      | Reached XP level 8. HP: 27/52 MP: 10/15
  5263 | D:5      | Found a staircase to the Ecumenical Temple.
  5296 | D:5      | Reached skill level 5 in Stealth
  5382 | Temple   | Entered the Ecumenical Temple
  5409 | Temple   | Became a worshipper of Gozag Ym Sagoz the Greedy
  5931 | D:2      | Bought a scroll of identify for 24 gold pieces
  5931 | D:2      | Bought a scroll of identify for 24 gold pieces
  6196 | D:6      | Reached skill level 5 in Spellcasting
  6332 | D:6      | Reached skill level 5 in Dodging
  6409 | D:6      | Learned a level 3 spell: Ozocubu's Armour
  6483 | D:6      | Found Kopliaklap's Magic Scroll Shop.
  6486 | D:6      | Bought a scroll of identify for 24 gold pieces
  6486 | D:6      | Bought a scroll of identify for 24 gold pieces
  6486 | D:6      | Bought a scroll of identify for 24 gold pieces
  6486 | D:6      | Bought a scroll of identify for 24 gold pieces
  6908 | D:6      | Reached skill level 6 in Stealth
  6908 | D:6      | Reached XP level 9. HP: 22/57 MP: 9/17
  7619 | D:7      | Found a transporter.
  7737 | D:2      | Bought a scroll of teleportation for 36 gold pieces
  7737 | D:2      | Bought a scroll of teleportation for 36 gold pieces
  7737 | D:2      | Bought a scroll of fear for 48 gold pieces
  9022 | D:7      | Found a transporter.
  9025 | D:7      | Noticed a cyclops
  9037 | D:7      | Noticed a troll
  9037 | D:7      | Noticed a boulder beetle
  9040 | D:7      | Found a stormy altar of Qazlal.
  9041 | D:7      | Found a bloodstained altar of Trog.
  9780 | D:8      | Noticed Joseph
  9790 | D:8      | Killed Joseph
  9791 | D:8      | Reached skill level 7 in Stealth
  9915 | D:8      | Learned a level 2 spell: Scorch
  9923 | D:8      | Learned a level 4 spell: Summon Ice Beast
 10056 | D:8      | Found a shadowy altar of Dithmenos.
 10140 | D:8      | Noticed a kobold demonologist
 10147 | D:8      | Reached skill level 1 in Fighting
 10156 | D:8      | Gained mutation: You are mostly covered in sharp spines.
                  | [demonic ancestry]
 10156 | D:8      | Reached XP level 10. HP: 66/66 MP: 8/20
 10855 | D:9      | Reached skill level 8 in Stealth
 11001 | D:9      | Noticed a two-headed ogre
 11010 | D:9      | HP: 3/73 [two-headed ogre/+0 giant spiked club (25)]
 11019 | D:9      | Killed a two-headed ogre
 11027 | D:9      | Reached skill level 5 in Fighting
 11394 | D:10     | Entered Level 10 of the Dungeon
 11397 | D:10     | Noticed a cyclops
 11409 | D:10     | Gained mutation: Your movements are slightly less
                  | encumbered by armour. (ER -2) [demonic ancestry]
 11409 | D:10     | Reached XP level 11. HP: 80/80 MP: 16/22
 11557 | D:10     | Found a staircase to the Orcish Mines.
 11746 | D:10     | Noticed a two-headed ogre
 11761 | D:10     | Killed a two-headed ogre
 11908 | D:10     | Found a staircase to the Lair.
 13001 | D:3      | Bought the +3 crown of Dyrovepreva {rElec Int+2 SInv} for
                  | 1242 gold pieces
 13001 | D:3      | Found the +3 crown of Dyrovepreva {rElec Int+2 SInv}
 13176 | D:11     | Reached skill level 1 in Shields
 13422 | D:11     | Learned a level 4 spell: Summon Lightning Spire
 13606 | D:11     | Found a shimmering blue altar of Sif Muna.
 13625 | D:11     | Reached skill level 1 in Summonings
 13748 | D:11     | Reached skill level 1 in Air Magic
 13813 | D:11     | Noticed a boulder beetle
 14073 | D:11     | Killed a boulder beetle
 14085 | D:11     | Noticed a boulder beetle
 14877 | D:11     | Killed a boulder beetle
 15172 | D:12     | Reached skill level 9 in Stealth
 15379 | Lair:1   | Entered Level 1 of the Lair of Beasts
 15495 | Lair:1   | Found a frozen archway.
 15503 | IceCv    | Entered an ice cave
 15503 | IceCv    | Noticed a white ugly thing
 15518 | IceCv    | Killed a white ugly thing
 15621 | IceCv    | Found a transporter.
 15625 | IceCv    | Noticed a white ugly thing
 15627 | IceCv    | Found a transporter.
 15661 | Lair:1   | Learned a level 3 spell: Mephitic Cloud
 15665 | Lair:1   | Learned a level 3 spell: Ignite Poison
 15712 | Lair:1   | You fall into a shaft and drop 1 floor!
 16295 | Lair:1   | Gained mutation: You have a pair of horns on your head.
                  | [demonic ancestry]
 16295 | Lair:1   | Reached XP level 12. HP: 66/91 MP: 7/24
 16608 | Lair:1   | Reached skill level 1 in Poison Magic
 16973 | Lair:1   | Identified the +7 rapier of the Tooth {freeze, rN+ Dex+3}
 17143 | Lair:2   | Noticed a death yak
 17144 | Lair:2   | Noticed a death yak
 17144 | Lair:2   | Noticed a death yak
 17144 | Lair:2   | Noticed a death yak
 17144 | Lair:2   | Noticed a death yak
 17144 | Lair:2   | Noticed a death yak
 17168 | Lair:1   | Killed a death yak
 17169 | Lair:1   | Reached skill level 1 in Transmutations
 17169 | Lair:1   | Reached skill level 1 in Fire Magic
 17413 | D:6      | Bought a scroll of immolation for 48 gold pieces
 17600 | Lair:2   | Killed a death yak
 17601 | Lair:2   | Reached skill level 1 in Short Blades
 17968 | Lair:2   | Killed a death yak
 17968 | Lair:2   | Killed a death yak
 17994 | Lair:1   | Killed a death yak
 18136 | Lair:2   | Killed a death yak
 18770 | D:6      | Bought a scroll of enchant armour for 90 gold pieces
 18770 | D:6      | Bought a scroll of enchant weapon for 90 gold pieces
 18770 | D:6      | Bought a scroll of enchant armour for 90 gold pieces
 18855 | D:3      | Bought an embroidered robe for 111 gold pieces
 18855 | D:3      | Bought a runed robe for 111 gold pieces
 20442 | Lair:3   | Noticed a seven-headed hydra
 20456 | Lair:3   | Reached XP level 13. HP: 65/98 MP: 19/25
 20612 | Lair:3   | Found a hole to the Spider Nest.
 20705 | Lair:3   | Found a staircase to the Shoals.
 21144 | Lair:4   | Reached skill level 5 in Summonings
 21351 | Lair:4   | Reached skill level 10 in Stealth
 22069 | Lair:5   | Entered Level 5 of the Lair of Beasts
 22229 | Lair:5   | Noticed Kirke
 22240 | Lair:4   | Reached skill level 5 in Short Blades
 22692 | Lair:5   | Noticed a sphinx
 22893 | Lair:5   | Killed Kirke
 24041 | Lair:5   | Found a staircase to the Slime Pits.
 24042 | Lair:5   | Found a viscous altar of Jiyva.
 24956 | Lair:5   | Reached skill level 5 in Poison Magic
 25045 | Lair:5   | Reached XP level 14. HP: 92/106 MP: 14/26
 25100 | Lair:5   | Identified the ring of Joyrah {rF+ Will++ rCorr Str+3
                  | Dex-5}
 25476 | Orc:1    | Entered Level 1 of the Orcish Mines
 26077 | Orc:2    | Entered Level 2 of the Orcish Mines
 26181 | Orc:2    | Found Wathes's Weapon Shop.
 26210 | Orc:2    | Found Ydavienk's Weapon Emporium.
 26536 | Orc:2    | Found Kecrutz's Armour Boutique.
 26562 | Orc:2    | Bought a +1 pair of gloves of hurling for 214 gold pieces
 26842 | Orc:2    | Found a staircase to the Elven Halls.
 26843 | Orc:2    | Found Omuischu's Assorted Antiques.
 27134 | Orc:2    | Reached skill level 10 in Dodging
 27317 | Orc:2    | Found Qeoppepp's General Store.
 27319 | Orc:2    | Found Nileuz's Distillery.
 27587 | Orc:2    | Bought a potion of berserk rage for 80 gold pieces
 27587 | Orc:2    | Bought a potion of might for 64 gold pieces
 27631 | Orc:2    | Reached skill level 5 in Fire Magic
 27776 | Orc:2    | Found Nacvoqenn's Antique Weapon Emporium.
 28524 | Orc:2    | Reached skill level 1 in Translocations
 28786 | Orc:2    | Found Cuydgh Usugipp's Antique Weapon Boutique.
 28786 | Orc:2    | Found Kadygiph's Book Shop.
 28787 | Orc:2    | Found a one-way gate leading to the halls of Pandemonium.
 28824 | Orc:2    | Bought a book of Touch for 242 gold pieces
 28891 | Orc:2    | Reached skill level 11 in Stealth
 30397 | D:12     | Found Wuguu's Tiny Tomes.
 31097 | D:13     | HP: 1/108 [tengu conjurer/bolt of lightning (5)]
 31647 | D:13     | Learned a level 5 spell: Summon Forest
 31857 | D:13     | Noticed Erolcha
 31869 | D:13     | Killed Erolcha
 31883 | D:13     | Reached XP level 15. HP: 47/115 MP: 20/28
 32224 | D:13     | Found a gate to the Vaults.
 34854 | D:15     | Entered Level 15 of the Dungeon
 34868 | D:15     | Reached skill level 5 in Translocations
 34999 | D:15     | Reached skill level 10 in Fighting
 35036 | D:15     | HP: 6/172 [meliai/divine providence (11)]
 36412 | D:15     | Noticed Jorgrun
 36439 | D:15     | Killed Jorgrun
 36841 | D:15     | Learned a level 5 spell: Summon Mana Viper
 37676 | D:15     | Found a staircase to the Depths.
 37708 | D:15     | Identified Roxanne's Tome of the Rocks
 37708 | D:15     | Noticed Roxanne
 37768 | D:15     | Killed from afar by Roxanne

Illustrated notes

Levels and vault maps discovered:
D:1:      minmay_arrival_solitary_statue, layout_loops_ring
D:2:      layout_loops_corners, serial_shops, shop
D:3:      layout_loops_ring, serial_shops, shop, chequers_serial_rivers_micro_c,
          uniq_terence, uniq_grinder
D:4:      layout_rooms, nicolae_overflow_hidden_temple, grunt_decor_resistance
D:5:      layout_basic, minmay_temple_entry_mini_moons
D:6:      layout_basic, serial_shops, kennysheep_mini_moat
D:7:      layout_cave_pods, gammafunk_temple_overflow_arena
D:8:      layout_gridville, grunt_dithmenos_shadows, special_room
          [special_room_kobold], uniq_joseph
D:9:      layout_small_grid
D:10:     layout_small_grid, lair_entry_dummy, david_orc_4,
          minmay_misc_feat_hallway
D:11:     layout_big_octagon, serial_rivers, chequers_serial_rivers_micro_a,
          chequers_serial_rivers_small_b, chequers_serial_rivers_small_b,
          chequers_serial_rivers_small_3, chequers_serial_rivers_small_3,
          nicolae_sif_muna_condensation
D:12:     layout_rooms, nicolae_shop_i_like_small_books_too, roderic_lattice_a
D:13:     argonaut_augean_stables, layout_basic, david_vaults_4,
          chequers_serial_rivers_micro_e, uniq_erolcha
D:14:     layout_stronghold, serial_column_ruins, column_ruins_open_tiny,
          column_ruins_columns_corner, column_ruins_open_small,
          column_ruins_open_tiny, column_ruins_columns_straight, minivault_25
D:15:     grunt_enter_depths_giant_problem, layout_cave_pools,
          serial_bayou_lagoon_a, nemelex_lonely_heart_becter, uniq_jorgrun,
          uniq_roxanne
Temple:   mainiacjoe_temple_bowtie_tessellation
Lair:1:   lemuel_reptile_caves, layout_regular_city,
          portal_ice_cave_entry_pillars_1, minivault_26, serial_bayou_shore_b,
          infiniplex_staircase_pool
Lair:2:   layout_regular_city, grunt_megastairs_1
Lair:3:   layout_long_grid, minmay_shoals_entry_lonely_mermaid,
          spider_nest_entry_webs, basic_altar, nicolae_lair_grazing_beasts
          [nicolae_sub_lair_graze_edge, nicolae_sub_lair_graze_edge,
          nicolae_sub_lair_graze_edge, nicolae_sub_lair_graze_edge]
Lair:4:   layout_regular_city
Lair:5:   grunt_lair_end_beastmaster, layout_regular_city,
          minmay_slime_entry_jelly_boxes, chequers_serial_rivers_room_a,
          uniq_kirke
Orc:1:    layout_caves, nicolae_orc_lost_temple
Orc:2:    pf_orc_diabolical, layout_caves, serial_shops, shop,
          nicolae_shop_tiny_waterfront, shop, shop,
          nicolae_shop_overgrown_old_shop, nooodl_orcs_dogs

Skill      XL: |  1  2  3  4  5  6  7  8  9 10 11 12 13 14 15 |
---------------+----------------------------------------------+-----
Stealth        | 2 3 4 6 7 8 9 10 11 | 11.6
Dodging        | 2 3 4 5 6 7 8 9 10 | 10.9
Ice Magic      | 4 5 6 7 8 |  8.7
Spellcasting   | 3 4 5 6 7 8 9 |  9.9
Fighting       | 1 5 7 8 9 10 | 10.2
Shields        | 3 4 |  4.0
Summonings     | 3 4 6 7 8 |  8.0
Air Magic      | 2 |  2.5
Poison Magic   | 3 5 6 7 |  7.3
Transmutations | 2 4 |  4.9
Fire Magic     | 2 4 5 6 |  6.6
Short Blades   | 4 5 |  5.0
Translocations | 3 5 |  5.7
Long Blades    | |  0.5
Hexes          | |  0.7

Action                     |  1- 3 |  4- 6 |  7- 9 | 10-12 | 13-15 || total
---------------------------+-------+-------+-------+-------+-------++-------
  Melee: Unarmed           |     9 |       |       |       |       ||     9
         Dagger            |    12 |    13 |       |   162 |   103 ||   290
         Short sword       |       |    52 |   156 |     8 |       ||   216
         Headbutt          |       |    16 |    36 |    69 |   213 ||   334
         Punch             |       |       |     5 |     4 |       ||     9
         Trident           |       |       |       |   127 |       ||   127
         Scimitar          |       |       |       |     4 |   303 ||   307
         Rapier            |       |       |       |       |   186 ||   186
         Demon blade       |       |       |       |       |    49 ||    49
  Throw: Dart              |     2 |       |     9 |    36 |    10 ||    57
         Boomerang         |       |       |     4 |       |     1 ||     5
   Cast: Freeze            |    30 |       |    10 |     5 |       ||    45
         Frozen Ramparts   |     1 |    32 |    43 |    61 |   109 ||   246
         Ozocubu's Armour  |       |       |    21 |    51 |   104 ||   176
         Summon Ice Beast  |       |       |     2 |    12 |    27 ||    41
         Scorch            |       |       |       |    47 |   132 ||   179
         Summon Lightning  |       |       |       |    14 |    41 ||    55
         Mephitic Cloud    |       |       |       |     8 |    23 ||    31
         Ignite Poison     |       |       |       |     5 |    15 ||    20
         Summon Forest     |       |       |       |       |     1 ||     1
 Invoke: Potion Petition   |       |       |       |       |     3 ||     3
  Evoke: Wand              |       |     2 |    12 |    14 |    11 ||    39
    Use: Potion            |     1 |     1 |     2 |     4 |     7 ||    15
         Scroll            |     2 |     9 |     8 |    20 |    13 ||    52
   Stab: Sleeping          |     3 |     5 |     3 |     8 |     8 ||    27
         Paralysed         |       |     4 |     3 |     7 |       ||    14
         Distracted        |       |       |       |     6 |     6 ||    12
         Confused          |       |       |       |       |     5 ||     5
         Invisible         |       |       |       |       |     4 ||     4
 Armour: Robe              |     5 |     8 |    37 |    69 |   239 ||   358
  Dodge: Dodged            |    30 |    43 |   101 |   138 |   505 ||   817
  Block: Other             |       |       |    17 |    33 |       ||    50
         Reflection        |       |       |     3 |     5 |    32 ||    40
         Buckler           |       |       |       |    58 |   498 ||   556
